 Dungeon Crawl Stone Soup version 0.26-a0-579-g3afe4966bf (webtiles) character file.

Game seed: 11092113743013065350

(classic levelgen) 3668 EnegeticOcto the Cleaver (level 9, -2/74 HPs)
             Began as a Deep Dwarf Fighter on Aug 23, 2020.
             Was a Believer of Ru.
             Slain by an unseen horror (3 damage)
             ... on level 10 of the Dungeon.
             The game lasted 00:09:38 (1805 turns).

EnegeticOcto the Cleaver (Deep Dwarf Fighter)       Turns: 1805, Time: 00:09:38

Health: -2/74      AC:  9    Str: 23    XL:     9   Next: 89%
Magic:  7/7        EV:  5    Int:  9    God:    Ru [**....]
Gold:   899        SH:  9    Dex: 12    Spells: 16/16 levels left

rFire    . . .     SeeInvis .   a - +1 war axe
rCold    . . .     Faith    .   c - +0 kite shield
rNeg     . . .     Spirit   .   e - +0 chain mail
rPois    .         Reflect  .   (no helmet)
rElec    .         Harm     .   (no cloak)
rCorr    .                      (no gloves)
MR       +....                  (no boots)
Stlth    ..........             (no amulet)
HPRegen  0.00/turn              o - ring of protection from fire
MPRegen  0.10/turn              s - ring of protection from cold

@: mighty, very slightly contaminated, non-regenerating, invisible (expiring)
A: damage resistance, heal wounds, sense surroundings 2, temperature sensitive,
no regeneration
a: Heal Wounds, Renounce Religion


You were on level 10 of the Dungeon.
You worshipped Ru.
Ru was pleased with you.
You visited 1 branch of the dungeon, and saw 10 of its levels.
You also visited: Bailey.

You collected 899 gold pieces.

Inventory:

Hand Weapons
 a - a +1 war axe (weapon)
Armour
 b - a +0 scale mail
 c - a +0 kite shield (worn)
 e - a +0 chain mail (worn)
Jewellery
 g - an uncursed ring of fire
 o - a ring of protection from fire (left hand)
 s - a ring of protection from cold (right hand)
 w - an uncursed ring of see invisible
Wands
 n - a wand of paralysis (5)
Scrolls
 m - a scroll of fog {!r}
 u - a scroll of teleportation {@r3 !r}
Potions
 f - a potion of ambrosia {unknown}
 h - a potion of invisibility
 i - a potion of cancellation
 j - 2 potions of haste {unknown}
 k - a potion of stabbing {unknown}
 l - a potion of magic {unknown}
 p - a potion of curing {unknown}
 q - 4 potions of flight
 r - a potion of lignification {unknown}


   Skills:
 - Level 2.6 Fighting
 * Level 14.0 Axes
 - Level 3.2 Armour
 - Level 3.2 Shields
 - Level 4.0 Spellcasting


You had 16 spell levels left.
You didn't know any spells.
Your spell library contained the following spells:

 Spells                   Type           Power        Failure   Level
 Foxfire                  Conj/Fire      #...         100%        1
 Conjure Flame            Conj/Fire      #.......     100%        3
 Inner Flame              Hex/Fire       #.......     100%        3
 Sticky Flame             Conj/Fire      #.......     100%        4
 Fireball                 Conj/Fire      #.........   100%        5


Dungeon Overview and Level Annotations

Branches:
Dungeon (10/15)            Temple (0/1) D:6            Lair (0/6) D:10
 Bailey (visited)
    Orc: D:9-12

Altars:
Dithmenos
Elyvilon
Gozag
Ru
Trog
Xom


Innate Abilities, Weirdness & Mutations

You are resistant to damage.
You can heal yourself by infusing magical energy.
You passively map the area around you.
You are sensitive to extremes of temperature. (rF-, rC-)
You do not regenerate.


Message History

You closely miss something.
The death yak bellows!
The adder hisses angrily.
Something hits you. The death yak gores you!
The centaur shoots an arrow.
The arrow barely misses you.
You catch the helpless death yak completely off-guard!
You hit the death yak.
The death yak is moderately wounded.
The death yak bellows!
Something hits you but does no damage.
The centaur shoots an arrow.
You block the arrow. You block the death yak's attack.
You completely miss the death yak.
The death yak is moderately wounded.
The death yak bellows!
The adder hisses angrily.
Something hits you but does no damage. The death yak completely misses you.
The centaur shoots an arrow.
You block the arrow.
The adder hisses angrily.
You slice the death yak!!
The death yak is severely wounded.
The death yak bellows!
The adder hisses angrily.
Something hits you but does no damage.
The centaur shoots an arrow.
The arrow hits the death yak.
The adder hisses angrily.
The death yak bellows!
The adder hisses angrily.
You block something's attack. You block the death yak's attack.
Found a robe.
You feel much better.
The death yak bellows!
The adder hisses angrily.
You redirect something's attack!
Something closely misses the death yak.
The centaur shoots an arrow.
The arrow hits the death yak!
You block the death yak's attack. The death yak gores you!
You slash the death yak!
The death yak is severely wounded.
You hit the death yak. You slash something!
You catch the helpless death yak completely off-guard!
You slash the death yak!
The adder hisses angrily.
Something hits you. x2; The death yak gores you!!
You barely miss the death yak.
The death yak is severely wounded.
You strike the helpless orc from behind!
You slash the orc!
You kill the orc!
You hit the death yak.
The adder hisses angrily.
You hit the death yak. You hit something but do no damage.
The adder hisses angrily.
Something hits you. x2; The death yak barely misses you.
The centaur shoots an arrow.
The arrow hits the death yak.
You are too injured to fight recklessly!
You are too injured to fight recklessly!
You strike the helpless death yak from behind!
You slice the death yak!!
The death yak is moderately wounded.
You slash the orc!
You kill the orc!
You hit the death yak. You slash the death yak! You miss something.
You hit the death yak.
The adder hisses angrily.
You block something's attack. x2; The death yak gores you!!
The death yak gores you!
* * * LOW HITPOINT WARNING * * *
You block the death yak's attack.
The death yak gores you but does no damage.
You hit the death yak.
The death yak is moderately wounded.
You completely miss the death yak.
Your chain mail prevents you from hitting the death yak.
You completely miss something. You slice the death yak!!
You flicker for a moment.
The adder hisses angrily.
Something hits you.
* * * LOW HITPOINT WARNING * * *
The death yak gores you but does no damage.
You block something's attack. The death yak gores you.
You slash something!
Reactivating autopickup.
You feel a bit more experienced.
You hit the death yak but do no damage.
You strike the helpless death yak from behind!
You slash the death yak! You completely miss something.
You hit the death yak. x2
The adder hisses angrily.
Something hits you.
Deactivating autopickup; reactivate with Ctrl-A.
The death yak barely misses you. The death yak gores you.
The centaur shoots an arrow.
The arrow hits the orc!
The orc dies!
The death yak gores you!
* * * LOW HITPOINT WARNING * * *
You slash the death yak!
The death yak is moderately wounded.
You slash the death yak!
Your shield and chain mail prevent you from hitting something.
You completely miss the death yak.
You catch the helpless death yak completely off-guard!
You hit the death yak but do no damage.
The adder hisses angrily.
Something hits you!
* * * LOW HITPOINT WARNING * * *
Something hits you.
You die...

.# * * * .######
##....... * * *
#........ ,
#........ ,* *
#......##,
##........
#[####YY)......,,*
#......@Yo.c..., *
#######SYYY>... *
* #.Y#..... *
##..#.#.. .......
*,....... ..... .
* ####..,** * ** *
*


You could see 7 death yaks, an orc warrior, a centaur and an adder.

Vanquished Creatures
  An unseen horror (D:9)
  A wizard (D:9)
  An orc knight (Bailey)
  A hippogriff (D:8)
  A small abomination (D:8)
  2 sky beasts
  A black bear (D:8)
  5 orc warriors
  An ogre (D:9)
  2 centaurs
  A scorpion (D:9)
  A killer bee (D:8)
  A howler monkey (D:6)
  2 jellies
  A centaur skeleton (D:9)
  3 hounds
  2 orc priests (D:7)
  4 orc wizards
  5 iguanas
  2 worker ants
  A hound zombie (D:7)
  A hound skeleton (D:7)
  8 gnolls
  A worker ant zombie (D:6)
  5 adders
  2 shadow imps
  3 ufetubi
  A worm (D:3)
  2 dart slugs (D:1)
  A leopard gecko (D:7)
  27 orcs
  A ball python (D:6)
  A bat (D:1)
  4 giant cockroaches
  9 goblins
  12 hobgoblins
  5 jackals
  14 kobolds
  A leopard gecko zombie (D:5)
  2 quokka skeletons
  A quokka zombie (D:6)
  5 rats
145 creatures vanquished.

Vanquished Creatures (others)
  An orc (D:10)
1 creature vanquished.

Grand Total: 146 creatures vanquished

Notes
Turn   | Place    | Note
-------+----------+-------------------------------------------
     0 | D:1      | EnegeticOcto the Deep Dwarf Fighter began the quest for the
                  | Orb.
     0 | D:1      | Reached XP level 1. HP: 20/20 MP: 1/1
    56 | D:1      | Reached skill level 3 in Axes
    56 | D:1      | Reached XP level 2. HP: 24/27 MP: 2/2
   202 | D:1      | Reached XP level 3. HP: 28/33 MP: 3/3
   211 | D:2      | Reached skill level 4 in Axes
   330 | D:4      | Your magical essence is drained by the effort!
   333 | D:4      | Reached XP level 4. HP: 32/40 MP: 3/3
   393 | D:4      | Reached skill level 5 in Axes
   535 | D:5      | Entered Level 5 of the Dungeon
   551 | D:5      | Found a shadowy altar of Dithmenos.
   595 | D:5      | Your magical essence is drained by the effort!
   602 | D:5      | Reached skill level 6 in Axes
   602 | D:5      | Reached XP level 5. HP: 23/46 MP: 3/3
   603 | D:5      | Your magical essence is drained by the effort!
   607 | D:5      | Found a sacrificial altar of Ru.
   615 | D:5      | Became a worshipper of Ru the Awakened
   640 | D:6      | Noticed a sky beast
   664 | D:6      | Noticed a centaur
   673 | D:6      | Your magical essence is drained by the effort!
   677 | D:6      | Killed a centaur
   677 | D:6      | Reached skill level 7 in Axes
   677 | D:6      | Reached XP level 6. HP: 51/55 MP: 2/2
   691 | D:6      | Reached skill level 8 in Axes
   698 | D:6      | Killed a sky beast
   698 | D:6      | Reached XP level 7. HP: 33/61 MP: 3/3
   725 | D:6      | Found a staircase to the Ecumenical Temple.
   782 | D:6      | Your magical essence is drained by the effort!
   858 | D:7      | Reached skill level 9 in Axes
   864 | D:7      | Reached skill level 1 in Spellcasting
   904 | D:8      | Found an opulent altar of Gozag.
   904 | D:8      | Noticed a hippogriff
   905 | D:8      | Found a bloodstained altar of Trog.
   905 | D:8      | Found a shimmering altar of Xom.
   906 | D:8      | Found a white marble altar of Elyvilon.
   922 | D:8      | Killed a hippogriff
   922 | D:8      | Reached skill level 2 in Spellcasting
  1058 | D:9      | Reached skill level 10 in Axes
  1058 | D:9      | Reached XP level 8. HP: 61/68 MP: 6/6
  1141 | D:9      | Noticed a wizard
  1176 | D:9      | Killed a wizard
  1176 | D:9      | Reached skill level 11 in Axes
  1176 | D:9      | Reached skill level 3 in Spellcasting
  1188 | D:9      | Killed an unseen horror
  1188 | D:9      | Reached skill level 4 in Spellcasting
  1188 | D:9      | Gained mutation: You passively map the area around you.
                  | [Deep Dwarf growth]
  1188 | D:9      | Reached XP level 9. HP: 49/74 MP: 7/10
  1194 | D:9      | Gained mutation: You are sensitive to extremes of
                  | temperature. (rF-, rC-) [Ru sacrifice]
  1194 | D:9      | Reached * piety under Ru
  1194 | D:9      | Reached ** piety under Ru
  1200 | D:9      | Noticed a large abomination
  1260 | D:8      | Your magical essence is drained by the effort!
  1265 | D:8      | Reached skill level 12 in Axes
  1448 | D:9      | Found a flagged portal.
  1460 | Bailey   | Entered a bailey
  1492 | Bailey   | Reached skill level 13 in Axes
  1538 | Bailey   | Your magical essence is drained by the effort!
  1545 | Bailey   | Noticed an orc knight
  1558 | Bailey   | Killed an orc knight
  1561 | Bailey   | HP: 3/74 [orc warrior/+0 hand axe (23)]
  1568 | Bailey   | Your magical essence is drained by the effort!
  1734 | D:9      | Reached skill level 14 in Axes
  1787 | D:10     | Entered Level 10 of the Dungeon
  1787 | D:10     | Found a staircase to the Lair.
  1787 | D:10     | Noticed a death yak
  1787 | D:10     | Noticed a death yak
  1787 | D:10     | Noticed a death yak
  1787 | D:10     | Noticed a death yak
  1788 | D:10     | Noticed a death yak
  1788 | D:10     | Noticed a death yak
  1789 | D:10     | Noticed a death yak
  1805 | D:10     | HP: 1/74 [something (6)]
  1805 | D:10     | Slain by an unseen horror

Illustrated notes

Levels and vault maps discovered:
D:1:      roderic_crossed_star, layout_basic
D:2:      layout_loops_ring, nemelex_dance_club_becter
D:3:      layout_loops_ring, uniq_natasha
D:4:      layout_basic
D:5:      layout_loops_ring, overflow_temple_1_default,
          nicolae_ru_path_of_blood, uniq_menkaure, uniq_edmund,
          uniq_crazy_yiuf_cottage
D:6:      layout_cave_pools, temple_statues
D:7:      layout_loops_ring, serial_shops, nicolae_shop_behind_doors,
          uniq_duvessa
D:8:      layout_basic, chequers_temple_overflow_statue_of_worship
D:9:      layout_loops_corners, david_orc_5, enter_bailey_6, laboratory
D:10:     kennysheep_seaside_town, layout_loops_ring, dpeg_lair_monsters

Skill      XL: |  1  2  3  4  5  6  7  8  9 |
---------------+----------------------------+-----
Axes           | 3 4 6 7 8 10 11 14 | 14.0
Spellcasting   | 2 4 |  4.0
Fighting       | |  2.6
Armour         | |  3.2
Shields        | |  3.2

Action                   |  1- 3 |  4- 6 |  7- 9 || total
-------------------------+-------+-------+-------++-------
Melee: War axe           |   105 |   101 |   285 ||   491
Invok: Sacrifice Resista |       |       |     1 ||     1
 Abil: Heal Wounds       |     1 |     6 |    24 ||    31
Evoke: Wand              |       |       |    11 ||    11
  Use: Scroll            |     1 |       |     8 ||     9
       Potion            |       |       |     3 ||     3
 Stab: Paralysed         |       |       |     4 ||     4
       Invisible         |       |       |     9 ||     9
       Distracted        |       |       |     1 ||     1
Armor: Scale mail        |     3 |       |       ||     3
       Chain mail        |    79 |   132 |   147 ||   358
Dodge: Dodged            |    36 |    53 |    68 ||   157
Block: Kite shield       |    69 |   111 |   182 ||   362

Table legend: (Time is in decaauts)
 A = Elapsed time spent in this place.
 B = Non-inter-level travel time spent in this place.
 C = Inter-level travel time spent in this place.
 D = Time resting spent in this place.
 E = Time spent auto-exploring this place.
 F = Levels seen in this place.
 G = Mean time per level.
                   A        B        C        D        E       F      G
               +--------+--------+--------+--------+--------+-----+--------+
         Total |   1879 |   1819 |     60 |      0 |      0 |  11 |  170.8 |
       Dungeon |   1689 |   1629 |     60 |      0 |      0 |  10 |  168.9 |
        Bailey |    190 |    190 |      0 |      0 |      0 |   1 |  190.0 |
               +--------+--------+--------+--------+--------+-----+--------+

Top non-repeatable levels by time:
     D:9: 514 daAuts
     D:4: 242 daAuts
     D:1: 233 daAuts
  Bailey: 190 daAuts
     D:8: 185 daAuts
     D:6: 152 daAuts
     D:7: 118 daAuts
     D:5: 112 daAuts
     D:3: 74 daAuts
     D:2: 40 daAuts
    D:10: 16 daAuts
